 Dungeon Crawl Stone Soup version 0.30.1-4-g462c640d31 (webtiles) character file.

Game seed: 2136967171735951134

569 growler the Gusty (level 7, -1/36 HPs)
             Began as a Tengu Air Elementalist on Sept 15, 2023.
             Slain by a gnoll sergeant
             ... wielding a +2 spear of venom
              (9 damage)
             ... on level 4 of the Dungeon.
             The game lasted 00:10:44 (4029 turns).

growler the Gusty (Tengu Air Elementalist)          Turns: 4029, Time: 00:10:44

Health: -1/36      AC:  4    Str:  8    XL:     7   Next: 33%
Magic:  9/14       EV: 15    Int: 18    God:
Gold:   238        SH:  0    Dex: 20    Spells: 4/14 levels left

rFire   . . .        s - +1 dagger (flame)
rCold   . . .        (no shield)
rNeg    . . .        a - +0 robe
rPois   .            (helmet restricted)
rElec   .            (no cloak)
rCorr   .            e - +1 pair of gloves
SInv    .            (boots unavailable)
Will    .....        (no amulet)
Stlth   ++           d - +6 ring of dexterity
HPRegen 0.26/turn    (no ring)
MPRegen 0.14/turn

%: no passive effects
@: lethally poisoned (-1 -> -9), flying quickly and evasively, quick
A: beak, talons 3, nimble flight
a: no special abilities


You were on level 4 of the Dungeon.
You visited 1 branch of the dungeon, and saw 4 of its levels.

You collected 238 gold pieces.

Inventory:

Hand Weapons
 s - a +1 dagger of flaming (weapon)
Armour
 a - a +0 robe (worn)
 e - a +1 pair of gloves (worn)
Jewellery
 d - a +6 ring of dexterity (left hand)
 j - a ring of fire
Wands
 n - a wand of roots (3)
Scrolls
 f - a scroll of fear {unknown}
 g - a scroll of noise
 h - a scroll of enchant weapon {unknown}
 l - a scroll of enchant armour
 m - a scroll of magic mapping
 p - 3 scrolls of teleportation
 q - a scroll of immolation {unknown}
 u - a scroll of identify
Potions
 b - 3 potions of attraction {unknown}
 c - a potion of haste {unknown}
 i - a potion of lignification {unknown}
 k - a potion of mutation {unknown}
 o - 2 potions of ambrosia
 r - a potion of degeneration {unknown}
 t - a potion of might


   Skills:
 - Level 2.1 Dodging
 - Level 2.0 Stealth
 + Level 4.4 Spellcasting
 + Level 5.8 Conjurations
 + Level 7.0 Air Magic


You had 4 spell levels left.
You knew the following spells:

 Your Spells              Type           Power      Damage    Failure   Level
a - Shock                 Conj/Air       100%       1d9       1%          1
b - Static Discharge      Conj/Air       54%        2-5/arc   1%          2
c - Swiftness             Air            29%        N/A       2%          3
d - Airstrike             Air            14%        2d(3-19)  8%          4

Your spell library contained the following spells:

 Spells                   Type           Power      Damage    Failure   Level


Dungeon Overview and Level Annotations

Branches:
Dungeon (4/15)
 Temple: D:4-7

Altars:

Shops:
D:1 (!*?   D:4 ::

Annotations:
D:4 Menkaure


Innate Abilities, Weirdness & Mutations

You have a beak for a mouth.
You have claws for feet.
Your magical nature lets you fly swiftly and evasively.


Message History

You are lethally poisoned!
Unknown command.
You are too injured to fight recklessly!
Unknown command.
Okay, then.
Casting: Shock (safe; 1% risk of failure)
Confirm with . or Enter, or press ? or * to list all spells.
Aiming: Shock (safe; 1% risk of failure)
Press: ? - help, Shift-Dir - straight line, f/p - gnoll sergeant
Aim: a gnoll sergeant, wielding a +2 spear of venom, wearing a +0 scale mail and wearing a +0 buckler (heavily wounded, 81% to hit)
The zap hits the gnoll sergeant but does no damage.
The gnoll sergeant is heavily wounded.
The zap hits the gnoll sergeant but does no damage.
The gnoll sergeant is heavily wounded.
You feel very sick. The gnoll sergeant misses you.
Casting: Shock (safe; 1% risk of failure)
Confirm with . or Enter, or press ? or * to list all spells.
Aiming: Shock (safe; 1% risk of failure)
Press: ? - help, Shift-Dir - straight line, f/p - gnoll sergeant
Aim: a gnoll sergeant, wielding a +2 spear of venom, wearing a +0 scale mail and wearing a +0 buckler (heavily wounded, 81% to hit)
The zap misses the gnoll sergeant.
The zap hits the gnoll sergeant but does no damage.
The gnoll sergeant is heavily wounded.
* * * LOW HITPOINT WARNING * * *
You feel very sick. The gnoll sergeant closely misses you.
Casting: Shock (safe; 1% risk of failure)
Confirm with . or Enter, or press ? or * to list all spells.
Aiming: Shock (safe; 1% risk of failure)
Press: ? - help, Shift-Dir - straight line, f/p - gnoll sergeant
Aim: a gnoll sergeant, wielding a +2 spear of venom, wearing a +0 scale mail and wearing a +0 buckler (heavily wounded, 81% to hit)
The zap hits the gnoll sergeant.
The gnoll sergeant is heavily wounded.
The zap hits the gnoll sergeant but does no damage.
The gnoll sergeant is heavily wounded.
* * * LOW HITPOINT WARNING * * *
You feel sick.
The gnoll sergeant hits you from afar with a +2 spear of venom!
You die...

.∩.# ...# ...# ############# ...#
#...........## ...#
#.########...# ...#
#.#########..# g..#
###.......###..# ...#
#####.........∩##..########
..M####.....#.g.@...###..'.......
......M)......#########..########
#######.....#.########...#
#.....#......).....#
##############..###......########
........),,......................
#<#******....#######.#.###.#####.
#.# #....* #.......#*,,#. .K#
#.<.,* ****###.#####*,,#.


You could see a gnoll sergeant.

Vanquished Creatures
  Grinder (D:3)
  2 jellies (D:4)
  A sleepcap (D:4)
  An iguana (D:3)
  Ijyb (D:3)
  Natasha (thrice) (D:2)
  4 adders
  3 gnolls (D:4)
  4 worms
  2 dart slugs (D:2)
  10 orcs
  10 ball pythons
  8 bats
  12 endoplasms
  2 giant cockroaches
  13 goblins
  3 hobgoblins
  2 jackals (D:2)
  9 kobolds
  3 quokkas
  A frilled lizard (D:3)
  12 rats
107 creatures vanquished.

Notes
Turn   | Place    | Note
-------+----------+-------------------------------------------
     0 | D:1      | growler the Tengu Air Elementalist began the quest for the
                  | Orb.
     0 | D:1      | Reached XP level 1. HP: 10/10 MP: 4/4
     2 | D:1      | Found Biwy's Distillery.
   177 | D:1      | Found Ichuschugh's Weapon Boutique.
   196 | D:1      | Reached XP level 2. HP: 15/15 MP: 1/6
   199 | D:1      | Learned a level 2 spell: Static Discharge
   397 | D:1      | Found Koscha's General Store.
   617 | D:1      | Reached XP level 3. HP: 19/19 MP: 1/7
   621 | D:1      | Learned a level 3 spell: Swiftness
  1071 | D:1      | Found Yvopt's Magic Scroll Shop.
  1124 | D:2      | Found a faded altar of an unknown god.
  1702 | D:2      | Reached XP level 4. HP: 24/24 MP: 6/9
  1751 | D:2      | Reached skill level 5 in Air Magic
  1837 | D:2      | Noticed Natasha
  1843 | D:2      | Killed Natasha
  1987 | D:2      | Noticed Natasha
  1994 | D:2      | Killed Natasha
  1995 | D:2      | Gained mutation: Your magical nature lets you fly swiftly
                  | and evasively. [Tengu growth]
  1995 | D:2      | Reached XP level 5. HP: 16/28 MP: 1/10
  2043 | D:2      | Noticed Natasha
  2048 | D:2      | Killed Natasha
  2132 | D:2      | Learned a level 4 spell: Airstrike
  2556 | D:3      | Identified the +10 hand axe of Wotsyorph {freeze, Int+3
                  | Dex+2}
  2766 | D:3      | Noticed Grinder
  2778 | D:3      | Paralysed by Grinder for 5 turns
  2790 | D:3      | HP: 1/28 [Grinder/nerve-wracking pain (7)]
  2792 | D:3      | Killed Grinder
  2793 | D:3      | Reached skill level 5 in Conjurations
  2793 | D:3      | Reached skill level 6 in Air Magic
  2793 | D:3      | Reached XP level 6. HP: 7/32 MP: 8/13
  2909 | D:3      | Noticed Ijyb
  2913 | D:3      | Killed Ijyb
  3328 | D:3      | Reached XP level 7. HP: 34/36 MP: 8/14
  3835 | D:4      | Found Egodem's Tremendous Tomes.
  3845 | D:4      | Noticed Menkaure
  3848 | D:4      | Found Eczuh's Book Emporium.
  3860 | D:4      | Reached skill level 7 in Air Magic
  4029 | D:4      | Slain by a gnoll sergeant

Illustrated notes

Levels and vault maps discovered:
D:1:      dpeg_arrival_ratfight, layout_rooms, serial_shops, shop, shop, shop,
          nicolae_shop_rolled_up, minmay_tromino_v4_c
D:2:      layout_basic, shapermc_ecumenical_altar_starsandcircs, uniq_natasha
D:3:      minmay_razor_zed, layout_basic, bh_walls_and_bars, uniq_ijyb,
          uniq_grinder
D:4:      layout_basic, nicolae_gozag_seed_capital, serial_shops, shop,
          hangedman_decor_riveting, nicolae_shop_i_like_big_books, uniq_menkaure

Skill      XL: |  1  2  3  4  5  6  7 |
---------------+----------------------+-----
Conjurations   | 2 3 5 |  5.8
Air Magic      | 5 6 7 |  7.0
Spellcasting   | 3 4 |  4.4
Dodging        | |  2.1
Stealth        | |  2.0

Action                     |  1- 3 |  4- 6 |  7- 9 || total
---------------------------+-------+-------+-------++-------
  Melee: Unarmed           |    18 |       |       ||    18
         Kick              |     7 |       |     2 ||     9
         Peck              |     2 |       |       ||     2
         Dagger            |       |       |     2 ||     2
   Cast: Shock             |    89 |    84 |    55 ||   228
         Static Discharge  |       |    12 |       ||    12
         Airstrike         |       |     1 |       ||     1
    Use: Potion            |       |     3 |       ||     3
         Scroll            |       |     1 |     5 ||     6
 Armour: Robe              |     8 |     3 |     1 ||    12
  Dodge: Dodged            |    15 |    10 |     6 ||    31
